 Dungeon Sprint DCSS version 0.30-a0-1161-g0704695555 (webtiles) character file.

Game seed: 13265654916662577600

1831 sircluck the Severer (level 9, -10/142 HPs)
             Began as a Hill Orc Berserker on Apr 27, 2023.
             Was an Elder of Trog.
             Mangled by a 16-headed hydra (13 damage)
             ... in the Dungeon (Sprint IX: "|||||||||||||||||||||||||||||").
             The game lasted 00:03:03 (600 turns).

sircluck the Severer (Hill Orc Berserker)            Turns: 600, Time: 00:03:04

Health: -10/142    AC: 16    Str: 24    XL:     9   Next: 11%
Magic:  9/9        EV: 10    Int:  7    God:    Trog [****..]
Gold:   0          SH:  0    Dex: 10    Spells: 8/8 levels left

rFire   . . .        a - +0 hand axe
rCold   . . .        (no shield)
rNeg    . . .        n - +1 chain mail
rPois   .            l - +0 helmet
rElec   .            (no cloak)
rCorr   .            (no gloves)
SInv    .            m - +0 pair of boots
Will    .....        (no amulet) Stlth
                     p - +2 ring of protection
HPRegen 0.43/turn    (no ring)
MPRegen 0.11/turn

%: no teleportation
@: berserking, very quick
A: no striking features
a: Renounce Religion, Berserk, Trog's Hand, Brothers in Arms


You were in the Dungeon.
You worshipped Trog.
Trog was greatly pleased with you.
You visited 1 branch

Inventory:

Hand Weapons
 a - a +0 hand axe (weapon)
 k - a +3 heavy war axe
Armour
 b - a +0 animal skin
 l - a +0 helmet (worn)
 m - a +0 pair of boots (worn)
 n - a +1 chain mail (worn)
Jewellery
 o - a +3 ring of intelligence
 p - a +2 ring of protection (left hand)
Wands
 j - a wand of iceblast (1)
Potions
 c - 4 potions of curing
 d - a potion of heal wounds
 f - 4 potions of magic
 g - a potion of berserk rage
 i - a potion of invisibility


   Skills:
 + Level 14.1 Fighting
 + Level 17.1 Axes
 + Level 7.4 Armour
 + Level 5.5 Dodging
 + Level 1.5 Stealth
 + Level 1.9 Evocations


You had 8 spell levels left.
You didn't know any spells.
Your spell library was empty.

Dungeon Overview and Level Annotations

Branches:
Dungeon (1/1)

Altars:
Cheibriados
Dithmenos
Elyvilon
Fedhas
Gozag
Hepliaklqana
Kikubaaqudgha
Makhleb
Nemelex Xobeh
Okawaru
Qazlal
Ru
Sif Muna
Trog
Uskayaw
Vehumet
Wu Jian
Xom
Yredelemnul
Zin
The Shining One
Beogh
Jiyva
Lugonu


Message History

The 11-headed hydra bites you but does no damage.
You slice one of the 11-headed hydra's heads off!
The ten-headed hydra grows two more!
You slash the 12-headed hydra!
The 12-headed hydra is moderately wounded.
You lop one of the 12-headed hydra's heads off!
The 11-headed hydra grows two more!
You hit the 13-headed hydra.
The 13-headed hydra is moderately wounded.
You hack one of the 13-headed hydra's heads off!
The 12-headed hydra grows two more!
You hit the 14-headed hydra.
The 14-headed hydra is lightly wounded.
The 14-headed hydra bites you! The 14-headed hydra closely misses you.
The 14-headed hydra barely misses you. The 14-headed hydra closely misses you.
The 14-headed hydra bites you! The 14-headed hydra bites you.
The 14-headed hydra bites you but does no damage.
The 14-headed hydra bites you!
* * * LOW HITPOINT WARNING * * *
The 14-headed hydra bites you but does no damage.
The 14-headed hydra bites you!
* * * LOW HITPOINT WARNING * * *
The 14-headed hydra bites you but does no damage.
The 14-headed hydra barely misses you. The 14-headed hydra closely misses you.
The 14-headed hydra barely misses you.
You chop one of the 14-headed hydra's heads off!
The 13-headed hydra grows two more!
You slash the 15-headed hydra!
The 15-headed hydra is lightly wounded.
You chop one of the 15-headed hydra's heads off!
The 14-headed hydra grows two more!
You slash the 16-headed hydra!
The 16-headed hydra is moderately wounded.
The 16-headed hydra bites you but does no damage. x2
The 16-headed hydra bites you.
* * * LOW HITPOINT WARNING * * *
The 16-headed hydra bites you.
* * * LOW HITPOINT WARNING * * *
The 16-headed hydra barely misses you. The 16-headed hydra bites you!
* * * LOW HITPOINT WARNING * * *
The 16-headed hydra closely misses you. The 16-headed hydra bites you!
* * * LOW HITPOINT WARNING * * *
The 16-headed hydra bites you but does no damage.
The 16-headed hydra barely misses you. The 16-headed hydra bites you!
You die...

▓.▓
▓T▓
▓c▓
▓u▓
▓u▓
▓c▓
▓D▓
▓@▓
▓.▓
▓.▓
▓.▓
▓.▓
▓)▓
▓)▓
▓.▓
▓.▓


You could see a 16-headed hydra, 2 ugly things, a centaur warrior, a troll and a
centaur.

Vanquished Creatures
  2 two-headed ogres (D)
  A troll (D)
  A hornet (D)
  An ogre (D)
  A centaur (D)
  A howler monkey (D)
  A hound (D)
  An orc priest (D)
  An iguana (D)
  An adder (D)
  4 endoplasms (D)
  A frilled lizard (D)
16 creatures vanquished.

Notes
Turn   | Place    | Note
-------+----------+-------------------------------------------
     0 | D        | sircluck the Hill Orc Berserker began the quest for the
                  | Orb.
     0 | D        | Reached XP level 1. HP: 19/19 MP: 1/1
     9 | D        | Reached ** piety under Trog
    11 | D        | Reached skill level 5 in Axes
    19 | D        | Noticed an orc priest
    19 | D        | Noticed a hound
    19 | D        | Noticed an ogre
    19 | D        | Noticed an iguana
    23 | D        | Killed an iguana
    24 | D        | Reached skill level 5 in Fighting
    24 | D        | Reached skill level 6 in Axes
    24 | D        | Reached XP level 2. HP: 30/30 MP: 2/2
    24 | D        | Reached XP level 3. HP: 37/37 MP: 3/3
    26 | D        | Reached *** piety under Trog
    31 | D        | Killed an ogre
    32 | D        | Reached skill level 9 in Axes
    32 | D        | Reached XP level 4. HP: 42/48 MP: 4/4
    32 | D        | Reached XP level 5. HP: 47/53 MP: 5/5
    39 | D        | Reached skill level 10 in Axes
   174 | D        | Found a roughly hewn altar of Beogh.
   174 | D        | Found a snail-covered altar of Cheibriados.
   174 | D        | Found a shadowy altar of Dithmenos.
   174 | D        | Found a white marble altar of Elyvilon.
   174 | D        | Found a blossoming altar of Fedhas.
   174 | D        | Found an opulent altar of Gozag.
   175 | D        | Found a hazy altar of Hepliaklqana.
   176 | D        | Found a viscous altar of Jiyva.
   177 | D        | Found an ancient bone altar of Kikubaaqudgha.
   178 | D        | Found a corrupted altar of Lugonu.
   179 | D        | Found a burning altar of Makhleb.
   180 | D        | Found a sparkling altar of Nemelex Xobeh.
   181 | D        | Found an iron altar of Okawaru.
   182 | D        | Found a stormy altar of Qazlal.
   183 | D        | Found a sacrificial altar of Ru.
   184 | D        | Found a shimmering blue altar of Sif Muna.
   185 | D        | Found a bloodstained altar of Trog.
   186 | D        | Found a hide-covered altar of Uskayaw.
   187 | D        | Found a radiant altar of Vehumet.
   188 | D        | Found an ornate altar of the Wu Jian Council.
   189 | D        | Found a shimmering altar of Xom.
   190 | D        | Found a basalt altar of Yredelemnul.
   191 | D        | Found a glowing silver altar of Zin.
   192 | D        | Found a glowing golden altar of the Shining One.
   241 | D        | Noticed a troll
   241 | D        | Noticed a two-headed ogre
   241 | D        | Noticed a hornet
   241 | D        | Noticed a two-headed ogre
   241 | D        | Noticed a centaur
   254 | D        | Killed a two-headed ogre
   254 | D        | Reached **** piety under Trog
   255 | D        | Reached skill level 14 in Axes
   255 | D        | Reached skill level 5 in Armour
   255 | D        | Reached skill level 1 in Stealth
   255 | D        | Reached XP level 6. HP: 70/70 MP: 6/6
   255 | D        | Reached XP level 7. HP: 77/77 MP: 7/7
   258 | D        | Reached skill level 15 in Axes
   275 | D        | Killed a hornet
   276 | D        | Reached XP level 8. HP: 28/85 MP: 8/8
   281 | D        | HP: 4/85 [poisoned by a hornet]
   321 | D        | Killed a two-headed ogre
   322 | D        | Reached skill level 16 in Axes
   322 | D        | Reached skill level 5 in Dodging
   322 | D        | Reached skill level 1 in Evocations
   325 | D        | Killed a troll
   326 | D        | Reached skill level 17 in Axes
   326 | D        | Reached XP level 9. HP: 19/95 MP: 9/9
   590 | D        | Noticed a troll
   590 | D        | Noticed a white ugly thing
   590 | D        | Noticed a white ugly thing
   590 | D        | Noticed a centaur warrior
   590 | D        | Noticed an eight-headed hydra
   600 | D        | HP: 3/142 [16-headed hydra (8)]
   600 | D        | Mangled by a 16-headed hydra

Illustrated notes

Levels and vault maps discovered:
D:        linesprint [early_d, line_temple, items_1, d_10, items_2, lair_1,
          lair_end, items_3, orc_1, orc_end, items_4, d_15, swamp_1, shoals_1,
          snake_1, spider_1, d_20, vaults_1, items_5, swamp_end, shoals_end,
          snake_end, spider_end, vaults_end, d_27, items_6, zot_1, zot_end,
          crypt_end, forest_end, elf_end, slime_end, tomb_end, abyss_end,
          pan_hell_end]

Skill      XL: |  1  2  3  4  5  6  7  8 |
---------------+-------------------------+-----
Fighting       | 5 7 12 14 | 14.1
Axes           | 6 9 14 15 17 | 17.1
Armour         | 3 5 6 7 |  7.4
Dodging        | 2 4 5 |  5.5
Stealth        | 1 |  1.5
Evocations     | 1 |  1.9

Action                     |  1- 3 |  4- 6 |  7- 9 || total
---------------------------+-------+-------+-------++-------
  Melee: Hand axe          |    18 |    23 |    17 ||    58
 Invoke: Berserk           |     1 |     1 |     1 ||     3
         Brothers in Arms  |       |       |     1 ||     1
  Evoke: Wand              |       |       |     9 ||     9
    Use: Potion            |       |       |     4 ||     4
         Scroll            |       |       |     2 ||     2
 Armour: Animal skin       |     2 |     3 |       ||     5
         Chain mail        |       |     5 |    27 ||    32
  Dodge: Dodged            |     4 |     6 |    20 ||    30

Table legend: (Time is in decaauts)
 A = Elapsed time spent in this place.
 B = Non-inter-level travel time spent in this place.
 C = Inter-level travel time spent in this place.
 D = Time resting spent in this place.
 E = Time spent auto-exploring this place.
 F = Levels seen in this place.
 G = Mean time per level.
                   A        B        C        D        E       F      G
               +--------+--------+--------+--------+--------+-----+--------+
         Total |    599 |    599 |      0 |    342 |     59 |   1 |  599.0 |
       Dungeon |    599 |    599 |      0 |    342 |     59 |   1 |  599.0 |
               +--------+--------+--------+--------+--------+-----+--------+

Top non-repeatable levels by time:
       D: 599 daAuts
